 Dungeon Crawl Stone Soup version 0.27.1-33-g824d729ab1 (webtiles) character file.

Game seed: 15677972504615021503

102116 pkoi the Alchemist (level 15, -11/121 HPs)
             Began as a Red Draconian Gladiator on Dec 7, 2021.
             Was a Believer of Uskayaw.
             Mangled by an alligator snapping turtle (33 damage)
             ... on level 1 of the Shoals.
             The game lasted 00:55:27 (39089 turns).

pkoi the Alchemist (Red Draconian Gladiator)       Turns: 39089, Time: 00:55:27

Health: -11/121    AC: 12    Str: 18    XL:     15   Next: 85%
Magic:  0/34       EV: 17    Int: 15    God:    Uskayaw [**....]
Gold:   1274       SH:  0    Dex: 18    Spells: 10/28 levels left

rFire    + . .     SeeInvis +     - Unarmed
rCold    . . .     Faith    .   (shield currently unavailable)
rNeg     . . .     Spirit   +   (armour unavailable)
rPois    +         Reflect  .   E - +1 hat {Will+}
rElec    .         Harm     .   C - +0 cloak
rCorr    .         Rampage  .   (gloves currently unavailable)
Will     ++...                  o - +0 pair of boots
Stlth    ++........             M - amulet of Poufeh {Spirit Fragile MP+9 Str+2 Dex+5}
HPRegen  0.30/turn              H - ring of see invisible
MPRegen  0.24/turn              q - ring of poison resistance

@: short of breath, blade hands, very slow
A: breathe fire, AC +9, unfitting armour, fire resistance 1, cold-blooded
a: Breathe Fire, End Transformation, Renounce Religion, Stomp, Line Pass


You were on level 1 of the Shoals.
You worshipped Uskayaw.
Uskayaw was pleased with you.
You had blades for hands.
You visited 5 branches of the dungeon, and saw 23 of its levels.

You collected 2119 gold pieces.
You spent 845 gold pieces at shops.

Inventory:

Missiles
 b - 6 throwing nets
 K - 7 boomerangs of dispersal
Armour
 h - a +0 pair of gloves (melded)
 o - a +0 pair of boots (worn)
 C - a +0 cloak (worn)
 E - a +1 hat of willpower (worn)
Jewellery
 q - a ring of poison resistance (right blade hand)
 u - a +4 ring of protection
 y - a ring of fire
 H - a ring of see invisible (left blade hand)
 M - the amulet of Poufeh (around neck) {Spirit Fragile MP+9 Str+2 Dex+5}
   (You bought it in a shop on level 2 of the Orcish Mines)

   [amulet of guardian spirit]

   It causes incoming damage to be divided between your reserves of health and
   magic.
   Str:       It affects your strength (+2).
   Dex:       It affects your dexterity (+5).
   MP:        It affects your magic capacity (+9).
   Fragile:   It will be destroyed if unequipped.
Wands
 a - a wand of acid (16)
 f - a wand of flame (55)
 m - a wand of iceblast (46)
 v - a wand of mindburst (18)
 B - a wand of paralysis (8)
 G - a wand of charming (18)
 I - a wand of polymorph (9)
Scrolls
 c - 3 scrolls of amnesia
 d - 3 scrolls of enchant armour
 e - a scroll of summoning
 j - a scroll of blinking
 l - 6 scrolls of teleportation
 r - a scroll of silence
 s - a scroll of magic mapping
 t - 8 scrolls of fog
 A - 4 scrolls of fear
 D - 3 scrolls of enchant weapon
 J - 6 scrolls of identify
 N - a scroll of brand weapon
Potions
 g - 4 potions of might
 i - 4 potions of heal wounds
 k - 2 potions of brilliance
 n - a potion of haste
 p - 4 potions of resistance
 w - 6 potions of curing
 x - 3 potions of cancellation
 z - 3 potions of flight
 F - a potion of invisibility
 L - 2 potions of berserk rage


   Skills:
 - Level 7.9 Fighting
 - Level 1.7 Throwing
 + Level 8.1 Dodging
 + Level 3.9 Stealth
 - Level 0.9 Shields
 - Level 14.5 Unarmed Combat
 - Level 7.2 Spellcasting
 - Level 2.6 Conjurations
 - Level 0.3 Translocations
 + Level 15.4 Transmutations
 - Level 3.1 Fire Magic
 - Level 13.6 Invocations


You had 10 spell levels left.
You knew the following spells:

 Your Spells              Type           Power      Damage    Failure   Level
a - Blade Hands           Tmut           25%        N/A       13%         5
b - Dragon Form           Tmut           25%        N/A       63%         7
c - Conjure Flame         Conj/Fire      14%        6-21      50%         3
d - Blink                 Tloc           N/A        N/A       58%         2
e - Foxfire               Conj/Fire      56%        2x1d6     30%         1

Your spell library contained the following spells:

 Spells                   Type           Power      Damage    Failure   Level
 Wereblood                Tmut           51%        N/A       5%          2
 Petrify                  Tmut/Erth      28%        N/A       34%         4
 Irradiate                Conj/Tmut      16%        3d19      43%         5
 Corona                   Hex            5%         N/A       52%         1
 Ensorcelled Hibernation  Hex/Ice        10%        N/A       63%         2
 Sublimation of Blood     Necr           2%         N/A       63%         2
 Inner Flame              Hex/Fire       10%        N/A       63%         3
 Gell's Gravitas          Tloc           3%         N/A       75%         3
 Lesser Beckoning         Tloc           3%         N/A       75%         3
 Teleport Other           Tloc           6%         N/A       75%         3
 Tukima's Dance           Hex            5%         N/A       78%         3
 Manifold Assault         Tloc           6%         N/A       100%        5
 Dispersal                Tloc           3%         N/A       100%        6
 Storm Form               Tmut/Air       14%        N/A       100%        7
 Summon Hydra             Summ           2%         N/A       100%        7


Dungeon Overview and Level Annotations

Branches:
Dungeon (13/15)            Temple (1/1) D:4            Lair (6/6) D:8
 Shoals (1/4) Lair:4        Snake (0/4) Lair:4        Slime (0/5) Lair:5
    Orc (2/2) D:9             Elf (0/3) Orc:2
 Vaults: D:13-14

Altars:
Ashenzari
Cheibriados
Dithmenos
Elyvilon
Fedhas
Gozag
Hepliaklqana
Kikubaaqudgha
Makhleb
Nemelex Xobeh
Okawaru
Qazlal
Ru
Sif Muna
Trog
Uskayaw
Vehumet
Wu Jian
Xom
Yredelemnul
Zin
The Shining One
Beogh
Jiyva

Shops:
D:6 :   D:10 :   D:13 :   Orc:2 [=**[

Portals:
Pandemonium: Orc:2
Trove: D:12 (give horn of Geryon)

Annotations:
D:11 1 runed translucent door, bearlyready's ghost, journeyman OgBe
Lair:3 2 transporters, croobank's ghost, journeyman GnMo
Lair:4 exclusion: 2 oklob plants
Lair:5 1 runed translucent door
Orc:2 3 runed translucent doors, SquidGame's ghost, journeyman TeBe


Innate Abilities, Weirdness & Mutations

You have blades for hands.
Your spellcasting is less reliable in this form.
You are incapable of wielding weapons or throwing items.
You can breathe blasts of fire.
Your fiery red scales are hard. (AC +9)
You cannot fit into any form of body armour.
Your flesh is heat resistant. (rF+)
You are cold-blooded and may be slowed by cold attacks.


Message History

The alligator snapping turtle bites you!!!
* * * LOW HITPOINT WARNING * * *
You shred the alligator snapping turtle!!!
You tail-slap the alligator snapping turtle, but do no damage.
The alligator snapping turtle is moderately wounded.
The alligator snapping turtle is engulfed in blazing flames.
The alligator snapping turtle bites you!!
* * * LOW HITPOINT WARNING * * *
Unknown command.
Your unstable footing causes you to fumble your attack.
Unknown command.
You hit the alligator snapping turtle but do no damage.
You slash the alligator snapping turtle.
The alligator snapping turtle is moderately wounded.
The alligator snapping turtle is engulfed in blazing flames.
The alligator snapping turtle misses you.
You slash the alligator snapping turtle!
The alligator snapping turtle is heavily wounded.
The alligator snapping turtle is engulfed in blazing flames.
The alligator snapping turtle barely misses you.
You can now pass through a line of other dancers.
You slash the alligator snapping turtle!
The alligator snapping turtle is heavily wounded.
You slice the alligator snapping turtle!!
The alligator snapping turtle is severely wounded.
The alligator snapping turtle barely misses you.
You slice the alligator snapping turtle!!
The alligator snapping turtle is almost dead.
You slash the alligator snapping turtle!
The alligator snapping turtle is almost dead.
The alligator snapping turtle bites you!!
* * * LOW HITPOINT WARNING * * *
You hit the alligator snapping turtle but do no damage.
You tail-slap the alligator snapping turtle, but do no damage.
The alligator snapping turtle is almost dead.
You hit the alligator snapping turtle.
You tail-slap the alligator snapping turtle, but do no damage.
The alligator snapping turtle is almost dead.
The alligator snapping turtle bites you!!!
You die...

#..≈≈)≈.(###.##..≈≈≈≈≈
##≈≈≈≈≈≈.≈≈.≈.###..≈≈≈≈
##.≈≈†.≈≈≈≈≈..≈.....≈≈≈≈
###.(....≈≈≈≈≈≈........≈≈≈
##.......≈≈≈≈..≈..# ...≈
.......#....≈..≈..# ≈
≈.................###..≈
...........)....≈≈......
..#.≈.#...#.....@t≈.....
.##.###......#.≈≈≈≈≈≈...
.#####.........≈≈≈≈.≈≈≈≈
.####.................≈≈
.......≈≈....≈≈........≈
.....≈≈≈≈.#.≈≈≈≈..##..≈≈
.≈≈≈≈≈≈≈≈≈..≈≈≈...# ..≈≈
.≈≈≈≈≈≈≈≈≈≈..≈≈≈... .≈≈
..≈..≈≈


You could see an alligator snapping turtle.

Vanquished Creatures
  Saint Roka (Orc:2)
  Rupert (Orc:1)
  Jorgrun (D:13)
  Gastronok (D:10)
  Kirke (D:13)
  An orc warlord (Orc:2)
  Snorg (D:10)
  A merfolk javelineer (Shoals:1)
  Erolcha (Orc:2)
  4 boulder beetles
  9 hydras
  3 centaur warriors (D:13)
  An ogre mage (D:11)
  9 two-headed ogres
  7 death yaks
  8 orc high priests (Orc:2)
  A sun demon (Orc:2)
  Urug (Lair:5)
  A sea snake (Shoals:1)
  A torturous demonspawn (Orc:2)
  2 deep elf pyromancers (D:13)
  2 oklob plants (Lair:4)
  3 orc knights
  A salamander (shapeshifter) (Orc:2)
  5 orc sorcerers
  3 manticores
  A faun (Shoals:1)
  A cyclops (D:12)
  An ugly thing (D:13)
  Maurice (D:8)
  9 elephants
  4 black mambas
  A gargoyle (D:11)
  9 cane toads
  Maggie (Lair:1)
  2 unseen horrors
  A torpor snail (Lair:5)
  2 orange demons (Orc:2)
  8 kobold demonologists
  4 rime drakes
  6 komodo dragons
  2 red devils (Orc:2)
  A hellwing (Orc:1)
  8 merfolk
  6 trolls
  A wind drake (Shoals:1)
  6 polar bears (Lair:6)
  7 hornets
  Grinder (D:4)
  5 slime creatures (D:13)
  4 dream sheep
  Prince Ribbit (D:7)
  11 blink frogs
  Sigmund (D:6)
  A centaur simulacrum (D:12)
  5 wyverns
  A ynoxinul (Orc:2)
  13 spriggans (Lair:6)
  A water elemental (Shoals:1)
  A wraith (D:12)
  2 basilisks
  45 yaks
  5 hogs (D:13)
  Grum (D:8)
  A steam dragon (Lair:3)
  6 vampire mosquitoes
  Menkaure (D:6)
  2 wargs (Orc:2)
  An acid dragon (D:8)
  12 water moccasins
  2 ice beasts (D:7)
  2 sky beasts (D:5)
  4 black bears
  A necrophage (D:4)
  6 ogres
  42 orc warriors
  4 boggarts (Lair:6)
  12 centaurs
  34 wolves
  A phantom (D:5)
  3 kobold brigands
  Blork the orc (D:6)
  13 bullfrogs
  3 scorpions
  A water moccasin zombie (D:5)
  9 killer bees
  6 wights
  5 howler monkeys
  2 electric eels (Lair:1)
  A bullfrog zombie (D:6)
  3 centaur zombies
  3 hounds
  A lava snake (D:11)
  2 bullfrog skeletons
  A gnoll shaman (D:6)
  24 orc priests
  3 centaur skeletons
  7 iguanas
  18 orc wizards
  5 hell rats (Lair:6)
  A killer bee zombie (D:6)
  A hound zombie (D:5)
  A howler monkey zombie (D:9)
  2 howler monkey skeletons
  3 gnolls (D:6)
  4 adders
  A shadow imp (D:6)
  2 white imps
  An adder skeleton (D:4)
  A worm (D:3)
  3 dart slugs
  84 orcs
  4 ball pythons
  2 endoplasms (D:1)
  3 giant cockroaches
  4 goblins
  5 hobgoblins
  11 jackals
  6 quokkas
  8 bats
  6 frilled lizards
  15 kobolds
  2 rats (D:1)
662 creatures vanquished.

Vanquished Creatures (others)
  A hog (D:13)
  An orc wizard (D:8)
  2 orcs (Orc:2)
  31 fungi
  82 plants
117 creatures vanquished.

Grand Total: 779 creatures vanquished

Notes
Turn   | Place    | Note
-------+----------+-------------------------------------------
     0 | D:1      | pkoi the Draconian Gladiator began the quest for the Orb.
     0 | D:1      | Reached XP level 1. HP: 17/17 MP: 1/1
     2 | D:1      | Noticed a naga
     2 | D:1      | Noticed a djinni
     4 | D:1      | Noticed a barachi
     6 | D:1      | Noticed a ghoul
     6 | D:1      | Noticed a draconian
     8 | D:1      | Noticed a minotaur
     8 | D:1      | Noticed an ogre
    10 | D:1      | Noticed a formicid
    10 | D:1      | Noticed a felid
    12 | D:1      | Noticed a demonspawn
    12 | D:1      | Noticed a human
    14 | D:1      | Noticed a spriggan
    16 | D:1      | Noticed an elf
    16 | D:1      | Noticed a tengu
    18 | D:1      | Noticed a gargoyle
    18 | D:1      | Noticed a dwarf
    20 | D:1      | Noticed a demigod
    20 | D:1      | Noticed a troll
    22 | D:1      | Noticed a vine stalker
    22 | D:1      | Noticed a vampire
    24 | D:1      | Noticed a merfolk
    26 | D:1      | Noticed an octopode
    26 | D:1      | Noticed a palentonga
   103 | D:1      | Found a faded altar of an unknown god.
   115 | D:1      | Became a worshipper of Uskayaw the Reveller
   115 | D:1      | Reached * piety under Uskayaw
   264 | D:1      | Reached ** piety under Uskayaw
   274 | D:1      | Reached *** piety under Uskayaw
   275 | D:1      | Reached XP level 2. HP: 13/24 MP: 2/2
   279 | D:1      | Reached **** piety under Uskayaw
   998 | D:2      | Reached XP level 3. HP: 29/29 MP: 3/3
  1045 | D:2      | Noticed a scorpion
  1055 | D:2      | Killed a scorpion
  1056 | D:2      | Reached skill level 5 in Unarmed Combat
  1056 | D:2      | Reached XP level 4. HP: 15/36 MP: 4/4
  1480 | D:2      | You fall into a shaft and drop 1 floor!
  2091 | D:3      | Reached XP level 5. HP: 33/41 MP: 5/5
  3392 | D:4      | Noticed a necrophage
  3412 | D:4      | Killed a necrophage
  3413 | D:4      | Reached XP level 6. HP: 36/48 MP: 4/6
  3454 | D:4      | Noticed Grinder
  3468 | D:4      | Paralysed by Grinder for 4 turns
  3478 | D:4      | Killed Grinder
  3479 | D:4      | Your scales start taking on a fiery red colour.
  3479 | D:4      | Reached XP level 7. HP: 29/55 MP: 2/7
  3479 | D:4      | Gained mutation: Your flesh is heat resistant. (rF+) [Red
                  | Draconian growth]
  3836 | D:4      | Found a staircase to the Ecumenical Temple.
  3842 | D:4      | Found a radiant altar of Vehumet.
  3842 | D:4      | Found an opulent altar of Gozag.
  4621 | D:5      | Entered Level 5 of the Dungeon
  4621 | D:5      | Found a sparkling altar of Nemelex Xobeh.
  5010 | D:5      | Reached XP level 8. HP: 61/61 MP: 8/8
  5020 | D:5      | Reached skill level 10 in Unarmed Combat
  5427 | D:5      | Found a hazy altar of Hepliaklqana.
  5523 | D:6      | Found a sacrificial altar of Ru.
  5524 | D:6      | Noticed Sigmund
  5536 | D:6      | Killed Sigmund
  5712 | D:6      | Noticed Menkaure
  5719 | D:6      | Killed Menkaure
  5999 | D:6      | Noticed Blork the orc
  6012 | D:6      | Killed Blork the orc
  6074 | D:6      | Reached XP level 9. HP: 66/67 MP: 9/9
  6080 | D:6      | Learned a level 5 spell: Blade Hands
  6095 | D:6      | Reached skill level 1 in Invocations
  6101 | D:6      | Reached skill level 1 in Transmutations
  6157 | D:6      | Found Ruupune's Book Shop.
  6495 | D:7      | Reached skill level 2 in Transmutations
  6529 | D:7      | Noticed a two-headed ogre
  6538 | D:7      | Killed a two-headed ogre
  6539 | D:7      | Reached skill level 3 in Transmutations
  6809 | D:7      | Reached skill level 4 in Transmutations
  6882 | D:7      | Reached skill level 1 in Spellcasting
  7203 | D:7      | You fall into a shaft and drop 1 floor!
  7203 | D:8      | Noticed Grum
  7229 | D:8      | Killed Grum
  7230 | D:8      | Reached skill level 5 in Transmutations
  7696 | D:8      | Reached XP level 10. HP: 58/73 MP: 11/15
  7700 | D:8      | Noticed Prince Ribbit
  7712 | D:8      | Reached ***** piety under Uskayaw
  7754 | D:7      | Killed Prince Ribbit
  7795 | D:7      | Reached skill level 5 in Invocations
  8097 | D:7      | Reached skill level 6 in Transmutations
  8273 | D:8      | Noticed Maurice
  8581 | D:8      | Killed Maurice
  8996 | D:8      | Noticed a two-headed ogre
  9015 | D:8      | Killed a two-headed ogre
  9016 | D:8      | Reached skill level 7 in Transmutations
  9444 | D:8      | Found a staircase to the Lair.
  9515 | D:8      | Found a snail-covered altar of Cheibriados.
  9524 | D:8      | Found a basalt altar of Yredelemnul.
  9601 | D:9      | Found a staircase to the Orcish Mines.
  9604 | D:9      | Noticed a two-headed ogre
  9623 | D:8      | Killed a two-headed ogre
  9835 | D:9      | Reached skill level 8 in Transmutations
 10305 | D:9      | Reached XP level 11. HP: 62/79 MP: 13/17
 11077 | D:9      | Identified a scroll of acquirement
 11077 | D:9      | Acquired the +18 shield of the Gong {rElec rN+ Will+ EV-5}
 11077 | D:9      | Found the +18 shield of the Gong {rElec rN+ Will+ EV-5}
 11276 | D:10     | Entered Level 10 of the Dungeon
 11281 | D:10     | Noticed a sixfirhy
 11665 | D:10     | Noticed a two-headed ogre
 11668 | D:10     | Reached skill level 9 in Transmutations
 11781 | D:10     | Killed a two-headed ogre
 12110 | D:10     | Noticed a two-headed ogre
 12114 | D:9      | Killed a two-headed ogre
 12137 | D:10     | Noticed Snorg
 12257 | D:10     | Killed Snorg
 12369 | D:10     | Found Bunoq's Book Shoppe.
 12448 | D:10     | Found an ancient bone altar of Kikubaaqudgha.
 12602 | D:10     | Reached skill level 10 in Invocations
 12683 | D:10     | Noticed Gastronok
 12696 | D:10     | Killed Gastronok
 12697 | D:10     | Reached skill level 10 in Transmutations
 13001 | D:10     | Found a blossoming altar of Fedhas.
 13198 | Lair:1   | Entered Level 1 of the Lair of Beasts
 13204 | Lair:1   | Noticed Maggie
 13213 | Lair:1   | Killed Maggie
 13290 | Lair:1   | Learned a level 7 spell: Dragon Form
 14350 | Lair:2   | Reached skill level 11 in Transmutations
 14537 | Lair:2   | You fall into a shaft and drop 2 floors!
 14547 | Lair:4   | You fall into a shaft and drop 2 floors!
 14547 | Lair:6   | Entered Level 6 of the Lair of Beasts
 14589 | Lair:5   | Noticed an eight-headed hydra
 14607 | Lair:5   | Killed an eight-headed hydra
 14608 | Lair:5   | Reached XP level 12. HP: 62/85 MP: 14/20
 14763 | Lair:4   | Noticed a seven-headed hydra
 14783 | Lair:4   | Killed a seven-headed hydra
 15134 | Lair:4   | HP: 4/88 [merfolk (11)]
 15748 | Lair:2   | Reached ****** piety under Uskayaw
 17026 | Lair:3   | Noticed a six-headed hydra
 17027 | Lair:3   | Noticed croobank's ghost (journeyman GnMo)
 17050 | Lair:3   | Reached skill level 12 in Transmutations
 17078 | Lair:3   | Found a transporter.
 17167 | Lair:3   | Reached skill level 5 in Fighting
 17562 | Lair:3   | You fall into a shaft and drop 3 floors!
 17572 | Lair:6   | Noticed a death yak
 17572 | Lair:6   | Noticed a death yak
 17573 | Lair:6   | Noticed a death yak
 17583 | Lair:6   | Noticed a boulder beetle
 17599 | Lair:6   | Killed a death yak
 17602 | Lair:6   | Killed a death yak
 17603 | Lair:6   | Killed a death yak
 17604 | Lair:6   | Reached skill level 5 in Dodging
 17620 | Lair:6   | Killed a boulder beetle
 17621 | Lair:6   | Reached XP level 13. HP: 42/101 MP: 6/21
 18471 | Lair:5   | Found a runed translucent door.
 18472 | Lair:5   | Found a viscous altar of Jiyva.
 18531 | Lair:5   | Found a staircase to the Slime Pits.
 18531 | Lair:5   | Noticed an azure jelly
 19133 | Lair:4   | Found a staircase to the Shoals.
 19246 | Lair:3   | Found a transporter.
 20293 | Lair:4   | Found a staircase to the Snake Pit.
 21647 | Lair:5   | Noticed Urug
 21664 | Lair:5   | Killed Urug
 21858 | Lair:5   | Learned a level 3 spell: Conjure Flame
 22049 | Lair:5   | Reached skill level 1 in Fire Magic
 22051 | Lair:5   | Reached skill level 1 in Conjurations
 23393 | Lair:6   | Reached XP level 14. HP: 105/113 MP: 18/23
 23449 | Lair:6   | Reached skill level 13 in Transmutations
 24381 | Lair:6   | Paralysed by a hornet for 3 turns
 25637 | D:11     | Found a runed translucent door.
 25638 | D:11     | Found a shimmering altar of Xom.
 25638 | D:11     | Noticed bearlyready's ghost (journeyman OgBe)
 25965 | D:11     | Paralysed by an ogre mage for 4 turns
 26893 | Orc:1    | Entered Level 1 of the Orcish Mines
 26967 | Orc:1    | Paralysed by an orc sorcerer for 7 turns
 27378 | Orc:2    | Entered Level 2 of the Orcish Mines
 27378 | Orc:2    | Noticed Rupert
 27378 | Orc:2    | Found a staircase to the Elven Halls.
 27391 | Orc:1    | Killed Rupert
 27778 | Orc:2    | Noticed Saint Roka
 28849 | Orc:2    | Killed Saint Roka
 28850 | Orc:2    | Reached skill level 14 in Transmutations
 29359 | Orc:2    | Found Jofus's General Store.
 29370 | Orc:2    | Found Boqaoh's General Store.
 29629 | Orc:1    | Reached skill level 5 in Spellcasting
 30604 | Orc:2    | Paralysed by an orc sorcerer for 4 turns
 30621 | Orc:2    | Found Ihuiwke's Antique Armour Emporium.
 31123 | Orc:2    | Reached XP level 15. HP: 121/121 MP: 19/25
 31125 | Orc:2    | Noticed an orc warlord
 31134 | Orc:2    | Killed an orc warlord
 31426 | Orc:2    | Noticed Erolcha
 31433 | Orc:2    | Killed Erolcha
 33088 | Orc:2    | Found Ebbeh's Antique Armour Emporium.
 33088 | Orc:2    | Found a one-way gate leading to the halls of Pandemonium.
 33088 | Orc:2    | Found Koejedor's Jewellery Shoppe.
 33118 | Orc:2    | Bought the amulet of Poufeh {Spirit Fragile MP+9 Str+2
                  | Dex+5} for 845 gold pieces
 33372 | Orc:2    | Found a runed translucent gate.
 33373 | Orc:2    | Found a runed translucent gate.
 33374 | Orc:2    | Found a runed translucent gate.
 33385 | Orc:2    | Noticed SquidGame's ghost (journeyman TeBe)
 33567 | Temple   | Entered the Ecumenical Temple
 33784 | Shoals:1 | Entered Level 1 of the Shoals
 33989 | D:12     | Found a portal to a secret trove of treasure.
 34904 | D:12     | Learned a level 2 spell: Blink
 36015 | D:13     | Reached skill level 15 in Transmutations
 36267 | D:13     | Reached skill level 1 in Stealth
 36493 | D:13     | Found Ries Nush's Self-Improvement Boutique.
 36879 | D:13     | Noticed Jorgrun
 36884 | D:13     | Noticed Kirke
 36893 | D:13     | Killed Jorgrun
 37989 | D:13     | Killed Kirke
 38757 | Shoals:1 | Learned a level 1 spell: Foxfire
 39089 | Shoals:1 | Mangled by an alligator snapping turtle

Illustrated notes

Levels and vault maps discovered:
D:1:      kb_arrival_jail, layout_rooms,
          dreamdust_ecumenical_altar_angels_and_demons, st_stairs_13
D:2:      layout_basic, serial_rivers, chequers_serial_rivers_large_a,
          chequers_serial_rivers_micro_b, chequers_serial_rivers_micro_a,
          chequers_serial_rivers_micro_c, chequers_serial_rivers_micro_d
D:3:      layout_basic
D:4:      layout_loops_ring, chequers_temple_overflow_statue_of_worship,
          minmay_temple_entry_wispy, uniq_grinder
D:5:      layout_rooms, nemelex_xobeh_ov_fountains_minmay,
          mainiacjoe_overflow_alcove_1, eino_small_chamber_without_monster
D:6:      layout_basic, nicolae_ru_sacrificial_ziggurat, serial_shops,
          nicolae_shop_statue_plus, minivault_25, uniq_sigmund, uniq_menkaure,
          uniq_blork_the_orc
D:7:      layout_rooms
D:8:      layout_cave_pools, mainiacjoe_overflow_swirl, lair_entry_dummy,
          serial_glass, glass_columns_a, glass_columns_a, glass_columns_c,
          glass_columns_a, glass_columns_b, glass_columns_a, feat_on_display,
          feat_on_display, item_on_display_a, minmay_strange_pillars,
          minmay_starry_boxes, uniq_grum, uniq_maurice, uniq_prince_ribbit1
D:9:      layout_cave_pools, orc_0_dummy, glass_columns_a
D:10:     layout_cave_pools, nicolae_kikubaaqudgha_miasma_corner,
          fedhas_altar_4, serial_shops, shop, uniq_gastronok, uniq_snorg
D:11:     layout_big_octagon, ebering_ghost_xom
D:12:     layout_stronghold, enter_trove_0, chequers_serial_rivers_small_a,
          nicolae_sextant
D:13:     layout_stronghold, nicolae_shop_self_help, uniq_jorgrun, uniq_kirke
Temple:   cyrus_circular_temple
Lair:1:   layout_roguey, serial_bayou_shore_a, uniq_maggie
Lair:2:   layout_regular_city, grunt_megastairs_2, lemuel_fruit_tree
Lair:3:   layout_chaotic_city, gammafunk_ghost_arena,
          chequers_serial_rivers_large_b
Lair:4:   layout_misc_corridors, elwin_shoals_entry_stream, dummy_snake_entry,
          serial_bayou_shore_b, minmay_lair_oklob_chamber
Lair:5:   layout_cave_pods, slime_altar_2, uniq_urug
Lair:6:   minmay_lair_end_enchanted_forest, layout_cellular_growth
Shoals:1: layout_shoals
Orc:1:    layout_diamond_mine, basic_altar, minmay_orc_keep
Orc:2:    pf_orc_diabolical, layout_caves, serial_shops,
          nicolae_shop_statue_plus, gammafunk_ghost_necromancy,
          statue_in_the_mist_lemuel, mines2_david, uniq_erolcha, uniq_rupert,
          uniq_saint_roka

Skill      XL: |  1  2  3  4  5  6  7  8  9 10 11 12 13 14 15 |
---------------+----------------------------------------------+-----
Unarmed Combat | 4 5 7 8 9 11 12 13 14 | 14.5
Invocations    | 4 8 10 11 12 13 | 13.6
Transmutations | 5 8 11 12 14 15 | 15.4
Spellcasting   | 3 4 5 7 |  7.2
Dodging        | 5 6 8 |  8.1
Fighting       | 5 7 |  7.9
Fire Magic     | 2 3 |  3.1
Conjurations   | 2 |  2.6
Stealth        | 3 |  3.9
Throwing       | |  1.7
Shields        | |  0.9
Translocations | |  0.3

Action                   |  1- 3 |  4- 6 |  7- 9 | 10-12 | 13-15 || total
-------------------------+-------+-------+-------+-------+-------++-------
Melee: Unarmed           |    83 |   159 |   272 |   517 |   972 ||  2003
       Tailslap          |     8 |    18 |    36 |    59 |   122 ||   243
       Punch             |     1 |     5 |    15 |    28 |    38 ||    87
 Cast: Blade Hands       |       |       |       |    12 |   127 ||   139
       Conjure Flame     |       |       |       |       |     1 ||     1
Invok: Stomp             |       |     1 |     1 |       |       ||     2
       Line Pass         |       |     1 |       |       |     1 ||     2
 Abil: Breathe Fire      |       |       |     6 |    31 |    41 ||    78
       End Transformatio |       |       |       |       |     1 ||     1
  Use: Potion            |     1 |       |       |     1 |     1 ||     3
       Scroll            |       |       |    14 |    11 |     6 ||    31
 Stab: Paralysed         |     2 |     2 |     9 |    24 |    71 ||   108
       Sleeping          |       |     1 |       |       |     1 ||     2
       Confused          |       |       |       |       |     1 ||     1
Armor: Skin              |    37 |    51 |   117 |   263 |   390 ||   858
Dodge: Dodged            |    76 |    78 |   159 |   384 |   673 ||  1370
